 Dungeon Crawl Stone Soup version 0.31-a0-557-g6e16503903 (webtiles) character file.

Game seed: 1655942239115996474

4207 Shayle the Fighter (level 10, -1/110 HPs)
             Began as an Ogre Shapeshifter on Aug 17, 2023.
             Was an Initiate of Gozag.
             Slain by a two-headed ogre
             ... wielding a +0 giant spiked club
              (8 damage)
             ... on level 9 of the Dungeon.
             The game lasted 00:30:32 (11691 turns).

Shayle the Fighter (Ogre Shapeshifter)             Turns: 11691, Time: 00:30:33

Health: -1/110     AC: 14    Str: 21    XL:     10   Next: 29%
Magic:  22/22      EV: 11    Int: 13    God:    Gozag
Gold:   105        SH:  0    Dex:  9    Spells: 25/25 levels left

rFire   . .          .
                       - Unarmed
rCold   . . .        (no shield)
rNeg    . . .        u - +1 storm dragon scales
rPois   .            (helmet currently unavailable)
rElec   +            (cloak currently unavailable)
rCorr   +            (gloves unavailable)
SInv    .            (boots unavailable)
Will    +....        (no amulet) Stlth
                     k - ring of resist corrosion
HPRegen 0.38/turn    v - +5 ring of evasion
MPRegen 0.18/turn

%: no passive effects
@: beast-form
A: beast (slay +2), large, unfitting armour, tough skin 1
a: Begin Untransformation, Renounce Religion, Potion Petition, Call Merchant,
Bribe Branch


You were on level 9 of the Dungeon.
You worshipped Gozag.
Gozag was aware of your devotion.
You were a hulking beast.
You visited 2 branches of the dungeon, and saw 10 of its levels.
You also visited: Ossuary.

You collected 543 gold pieces.
You spent 287 gold pieces at shops.
You paid 151 gold pieces to Gozag.

Inventory:

Hand Weapons
 b - a +1 giant spiked club
 f - a +0 morningstar of freezing
 i - a +2 dagger of draining
Missiles
 l - 3 boomerangs (quivered)
Armour
 a - a +0 animal skin
 t - an orb of wrath
 u - +1 storm dragon scales (worn)
 z - a +0 cloak
Jewellery
 k - a ring of resist corrosion (left hand)
 v - a +5 ring of evasion (right hand)
 y - a ring of poison resistance
Talismans
 c - a beast talisman (active)
 d - a flux talisman
Wands
 x - a wand of paralysis (11)
 A - a wand of digging (1)
Scrolls
 n - a scroll of vulnerability
 q - a scroll of poison
 s - 2 scrolls of identify
 w - a scroll of revelation
 C - a scroll of immolation
 E - a scroll of amnesia
 G - a scroll of enchant weapon
Potions
 e - 2 potions of might {unknown}
 g - 2 potions of enlightenment
 h - 3 potions of curing
 j - 2 potions of attraction
 m - 3 potions of berserk rage {unknown}
 o - 2 potions of lignification
 p - a potion of cancellation {unknown}
 r - a potion of brilliance {unknown}
 B - a potion of invisibility {unknown}
 D - a potion of haste {unknown}
 F - 2 potions of ambrosia {unknown}


   Skills:
 + Level 10.3 Fighting
 + Level 4.5 Armour
 - Level 1.7 Dodging
 + Level 7.7 Unarmed Combat
 + Level 8.4 Spellcasting
 - Level 3.0 Shapeshifting


You had 25 spell levels left.
You didn't know any spells.
Your spell library contained the following spells:

 Spells                   Type           Power      Damage    Failure   Level
 Shock                    Conj/Air       20%        1d4       75%         1
 Summon Small Mammal      Summ           20%        N/A       75%         1
 Blink                    Tloc           10%        N/A       87%         2
 Call Canine Familiar     Summ           5%         N/A       98%         3
 Gell's Gravitas          Tloc           5%         N/A       98%         3
 Summon Guardian Golem    Hex/Summ       5%         N/A       98%         3
 Swiftness                Air            5%         N/A       98%         3
 Teleport Other           Tloc           5%         N/A       98%         3
 Airstrike                Air            2%         2d(1-17)  100%        4
 Manifold Assault         Tloc           5%         N/A       100%        4
 Dispersal                Tloc           2%         N/A       100%        6


Dungeon Overview and Level Annotations

Branches:
Dungeon (9/15)             Temple (1/1) D:7         Ossuary (visited)
   Lair: D:8-11         Orc: D:9-12

Altars:
Ashenzari
Cheibriados
Elyvilon
Fedhas
Gozag
Hepliaklqana
Kikubaaqudgha
Makhleb
Nemelex Xobeh
Okawaru
Qazlal
Ru
Sif Muna
Trog
Uskayaw
Vehumet
Wu Jian
Xom
Yredelemnul
Zin
The Shining One
Lugonu

Shops:
D:1 !   D:6 *[   D:9 *

Portals:
Abyss: D:8

Annotations:
D:8 2 runed translucent doors


Innate Abilities, Weirdness & Mutations

You are a hulking beast.
Your limbs bulge with bestial killing power. (Slay +2)
You are too large for most types of armour.
You have tough skin. (AC +1)


Message History

The two-headed ogre hits you with a +0 giant spiked club.
The two-headed ogre hits you with a +0 giant club!
You punch the two-headed ogre!
The two-headed ogre is moderately wounded.
You hit the two-headed ogre.
The two-headed ogre is moderately wounded.
The two-headed ogre closely misses you.
The two-headed ogre hits you with a +0 giant club!
You hit the two-headed ogre.
The two-headed ogre is moderately wounded.
You punch the two-headed ogre!
The two-headed ogre is heavily wounded.
The two-headed ogre hits you with a +0 giant spiked club!!
The two-headed ogre hits you with a +0 giant club!
You punch the two-headed ogre!
The two-headed ogre is almost dead.
You hit the two-headed ogre.
The two-headed ogre is almost dead.
The two-headed ogre hits you with a +0 giant spiked club!!
The two-headed ogre hits you with a +0 giant club!!
* * * LOW HITPOINT WARNING * * *
You hit the two-headed ogre.
The two-headed ogre is almost dead.
The two-headed ogre hits you with a +0 giant spiked club!
* * * LOW HITPOINT WARNING * * *
The two-headed ogre barely misses you.
Aiming: Paralyse
Press: ? - help, Shift-Dir - straight line, f - two-headed ogre
Aim: a two-headed ogre, wielding a +0 giant spiked club and a +0 giant club (almost dead, chance to affect: 31%)
Okay, then.
Okay, then.
Okay, then.
You hit the two-headed ogre.
The two-headed ogre is almost dead.
You barely miss the two-headed ogre.
The two-headed ogre is almost dead.
The two-headed ogre closely misses you.
The two-headed ogre hits you with a +0 giant club!
You die...
Your body crumbles into a pile of gold.

. .. ..# ###
.. ..#
#.##.##
#.Oh..#
####..#
..#####..#
!........###
.####......#
#.#.∩###
#.##.#
#....#
#..######


You could see a two-headed ogre.

Vanquished Creatures
  Prince Ribbit (D:6)
  Sigmund (D:5)
  A wyvern (D:6)
  2 steam dragons
  A water moccasin (D:7)
  2 orc warriors
  A black bear (D:4)
  An ice beast (D:5)
  3 ogres
  4 centaurs
  A phantom (D:2)
  2 kobold brigands
  An elf zombie (Ossuary)
  3 bullfrogs
  4 scorpions
  6 wights (D:8)
  A howler monkey (D:6)
  A centaur zombie (Ossuary)
  6 hounds
  2 jellies
  4 orc priests
  2 human zombies (Ossuary)
  5 sleepcaps
  Jessica (D:2)
  4 iguanas
  7 orc wizards
  5 hound zombies (Ossuary)
  3 mummies (Ossuary)
  7 gnolls
  10 adders
  A shadow imp (D:8)
  A white imp (D:5)
  An ufetubus (D:2)
  A worm (D:3)
  2 dart slugs
  21 orcs
  8 bats
  8 endoplasms
  5 giant cockroaches
  2 gnoll zombies (Ossuary)
  4 goblins
  10 hobgoblins
  8 jackals
  19 kobolds
  4 quokkas
  8 ball pythons
  2 frilled lizards
  3 goblin zombies (Ossuary)
  3 hobgoblin zombies (Ossuary)
  5 jackal zombies (Ossuary)
  3 kobold zombies (Ossuary)
  2 orc zombies (Ossuary)
  6 quokka zombies (Ossuary)
  8 rats
  2 rat zombies (Ossuary)
229 creatures vanquished.

Notes
Turn   | Place    | Note
-------+----------+-------------------------------------------
     0 | D:1      | Shayle the Ogre Shapeshifter began the quest for the Orb.
     0 | D:1      | Reached XP level 1. HP: 19/19 MP: 1/1
   141 | D:1      | Reached XP level 2. HP: 25/28 MP: 3/3
   208 | D:1      | Reached skill level 2 in Fighting
   208 | D:1      | Reached skill level 1 in Spellcasting
   459 | D:1      | Found Baplivvo's Distillery.
   469 | D:1      | Reached XP level 3. HP: 27/36 MP: 3/5
   473 | D:1      | Bought a potion of degeneration for 13 gold pieces
   830 | D:2      | Noticed a phantom
  1106 | D:2      | Killed a phantom
  1107 | D:2      | Reached skill level 3 in Fighting
  1107 | D:2      | Reached XP level 4. HP: 2/45 MP: 5/7
  1295 | D:1      | Reached XP level 5. HP: 45/54 MP: 8/8
  1660 | D:3      | You fall into a shaft and drop 2 floors!
  1660 | D:5      | Entered Level 5 of the Dungeon
  1824 | D:4      | Found a sand-covered staircase.
  1831 | Ossuary  | Entered an ossuary
  1892 | Ossuary  | Reached skill level 4 in Fighting
  1953 | Ossuary  | Reached XP level 6. HP: 38/63 MP: 9/11
  2299 | Ossuary  | Reached skill level 5 in Fighting
  2613 | Ossuary  | Reached XP level 7. HP: 55/72 MP: 13/13
  3044 | D:4      | Reached skill level 6 in Fighting
  3344 | D:5      | Found a sacrificial altar of Ru.
  3344 | D:5      | Found a glowing silver altar of Zin.
  3469 | D:5      | Reached skill level 5 in Unarmed Combat
  3714 | D:5      | Reached skill level 5 in Spellcasting
  3956 | D:5      | Noticed Sigmund
  3965 | D:5      | Killed Sigmund
  3966 | D:5      | Reached skill level 7 in Fighting
  3966 | D:5      | Reached XP level 8. HP: 87/87 MP: 14/16
  4139 | D:5      | Reached skill level 1 in Armour
  5490 | D:6      | Found Tusmeopp's Book Shoppe.
  5513 | D:6      | Reached skill level 8 in Fighting
  5563 | D:6      | Reached XP level 9. HP: 50/96 MP: 18/18
  5703 | D:6      | Found Qiovaf's Antique Armour Boutique.
  5728 | D:6      | Found a hide-covered altar of Uskayaw.
  6093 | D:6      | Noticed Prince Ribbit
  6115 | D:6      | Killed Prince Ribbit
  6426 | D:6      | Found Xulaozeh's Assorted Antiques.
  6433 | D:6      | Bought a scroll labelled OBURAUVOKY for 19 gold pieces
  6433 | D:6      | Bought a scroll labelled ZOKHLE XIQEIRGHO for 19 gold
                  | pieces
  6433 | D:6      | Bought a potion of curing for 57 gold pieces
  6433 | D:6      | Bought a scroll labelled DALOOS OJISHOB for 19 gold pieces
  6433 | D:6      | Bought a blue potion for 17 gold pieces
  7310 | D:3      | Found a bloodstained altar of Trog.
  7738 | D:3      | Reached skill level 9 in Fighting
  8183 | D:2      | Noticed Jessica
  8188 | D:2      | Killed Jessica
  8462 | D:1      | Bought a potion of curing for 39 gold pieces
  8462 | D:1      | Bought a potion of attraction for 39 gold pieces
  8462 | D:1      | Bought a potion of enlightenment for 65 gold pieces
  9060 | D:7      | Found a staircase to the Ecumenical Temple.
  9078 | Temple   | Entered the Ecumenical Temple
  9448 | D:7      | Found a shimmering blue altar of Sif Muna.
  9454 | D:7      | Found a white marble altar of Elyvilon.
  9456 | D:7      | Found a glowing golden altar of the Shining One.
  9457 | D:7      | Found a radiant altar of Vehumet.
  9463 | D:7      | Found a stormy altar of Qazlal.
  9555 | D:7      | Identified the +1 robe of Zeufaapn {+Blink Str+2 Dex+3
                  | Slay+2}
  9933 | D:8      | Reached XP level 10. HP: 23/109 MP: 21/21
 10344 | D:8      | Reached skill level 10 in Fighting
 10700 | Temple   | Became a worshipper of Gozag Ym Sagoz the Greedy
 11071 | D:8      | Found a broken altar of Ashenzari.
 11076 | D:8      | Found a large runed translucent door.
 11077 | D:8      | Found a large runed translucent door.
 11080 | D:8      | Noticed a green ugly thing
 11080 | D:8      | Noticed a kobold demonologist
 11083 | D:8      | Found a corrupted altar of Lugonu.
 11083 | D:8      | Noticed a green ugly thing
 11084 | D:8      | Identified the +7 dagger "Cuizudd" {distort, rF- Int+5}
 11084 | D:8      | Identified the +1 robe of the Pit {Str+2}
 11084 | D:8      | Noticed a kobold demonologist
 11609 | D:8      | Found a one-way gate to the infinite horrors of the Abyss.
 11669 | D:9      | Found Wuid's Lightly-Used Armoury.
 11681 | D:9      | Noticed a two-headed ogre
 11691 | D:9      | Slain by a two-headed ogre

Illustrated notes

Levels and vault maps discovered:
D:1:      dpeg_arrival_another_circle, layout_loops_ring, serial_shops,
          nicolae_square_shop, dreamdust_princess_bridge
D:2:      layout_rooms, uniq_jessica
D:3:      cheibrodos_thug_alley, layout_basic,
          mainiacjoe_overflow_six_doors_small, wad_orctagon
D:4:      black_bear_nest_2, layout_loops_ring, nicolae_ossuary_entry_ruins
D:5:      layout_layer_cave, gammafunk_temple_overflow_elements, uniq_sigmund
D:6:      layout_layer_cave, amcnicky_altar_gilded, serial_shops,
          nicolae_shop_tiny_statue_garden, nicolae_shop_tiny_real_fake_doors,
          nicolae_shop_tiny_statue_garden, uniq_prince_ribbit1
D:7:      layout_basic, nicolae_overflow_hallway_of_the_gods, temple_pool_b
D:8:      due_chaos_kobolds, layout_loops_ring, ashenzari_altar_1
D:9:      kennysheep_seaside_town, layout_loops_cross,
          ebering_ghost_reflecting_pool, minmay_shop_damaged
Temple:   minmay_temple_curvy_loop

Skill      XL: |  1  2  3  4  5  6  7  8  9 10 |
---------------+-------------------------------+-----
Fighting       | 2 3 4 5 7 8 9 10 | 10.3
Spellcasting   | 1 2 3 4 5 6 7 8 |  8.4
Unarmed Combat | 3 4 5 6 7 |  7.7
Armour         | 2 4 |  4.5
Dodging        | |  1.7
Shapeshifting  | |  3.0

Action                     |  1- 3 |  4- 6 |  7- 9 | 10-12 || total
---------------------------+-------+-------+-------+-------++-------
  Melee: Unarmed           |    90 |   237 |   459 |    95 ||   881
         Punch             |     4 |    10 |    21 |     4 ||    39
  Throw: Boomerang         |       |       |     3 |       ||     3
  Evoke: Wand              |       |       |     8 |    18 ||    26
    Use: Potion            |     1 |       |     6 |     2 ||     9
         Scroll            |       |       |    20 |       ||    20
   Stab: Sleeping          |     1 |       |       |       ||     1
 Armour: Animal skin       |    29 |    52 |    29 |       ||   110
         Skin              |     7 |       |     5 |       ||    12
         Storm dragon scal |       |       |   159 |    40 ||   199
  Dodge: Dodged            |    55 |    93 |   263 |    44 ||   455

Table legend: (Time is in decaauts)
 A = Elapsed time spent in this place.
 B = Non-inter-level travel time spent in this place.
 C = Inter-level travel time spent in this place.
 D = Time resting spent in this place.
 E = Time spent auto-exploring this place.
 F = Levels seen in this place.
 G = Mean time per level.
                   A        B        C        D        E       F      G
               +--------+--------+--------+--------+--------+-----+--------+
         Total |  11614 |  10830 |    784 |   2817 |   5078 |  11 | 1055.8 |
       Dungeon |  10610 |  10004 |    606 |   2481 |   4994 |   9 | 1178.9 |
        Temple |    181 |      3 |    178 |      0 |      0 |   1 |  181.0 |
       Ossuary |    823 |    823 |      0 |    336 |     84 |   1 |  823.0 |
               +--------+--------+--------+--------+--------+-----+--------+

Top non-repeatable levels by time:
     D:5: 2401 daAuts
     D:6: 1946 daAuts
     D:1: 1407 daAuts
     D:7: 1133 daAuts
     D:4: 1123 daAuts
     D:8: 1115 daAuts
     D:3: 848 daAuts
 Ossuary: 823 daAuts
     D:2: 613 daAuts
  Temple: 181 daAuts
     D:9: 20 daAuts
